 Dungeon Sprint DCSS version 0.19.3-4-gbf9329e (webtiles) character file.

1261 Kagutsuchi the Destroyer (level 8, 0/43 HPs)
             Began as a Deep Elf Conjurer on Jan 28, 2017.
             Slain by a polar bear (5 damage)
             ... in the Dungeon (Sprint II: "The Violet Keep of Menkaure").
             The game lasted 00:08:51 (1627 turns).

Kagutsuchi the Destroyer (Deep Elf Conjurer)        Turns: 1627, Time: 00:08:55

Health: 0/43       AC:  2    Str:  5    XL:     8   Next: 27%
Magic:  16/22      EV: 19    Int: 23    God:
Gold:   204        SH:  0    Dex: 15    Spells: 6 memorised, 6 levels left

rFire  . . .     SeeInvis .       - Unarmed
rCold  . . .     Gourm    .     a - +0 robe
rNeg   . . .     Faith    .     (no shield)
rPois  .         Spirit   .     (no helmet)
rElec  .         Reflect  .     (no cloak)
rCorr  .         Harm     .     (no gloves)
MR     .....     NoTele   +     (no boots)
Stlth  +++.......               (no amulet)
                                k - +2 ring of evasion
                                j - +2 ring of intelligence

@: lethally poisoned (0 -> -7), slowed, very slow
A: dopey 1, subdued magic 1
a: no special abilities


You were in the Dungeon.
You were not hungry.

You visited 1 branch You collected 972 gold pieces.
You spent 768 gold pieces at shops.

Inventory:

Hand Weapons
 e - a +0 trident
Armour
 a - a +0 robe (worn)
Jewellery
 j - a +2 ring of intelligence (left hand)
 k - a +2 ring of evasion (right hand)
Scrolls
 i - a scroll of blinking
Potions
 d - a potion of curing
 f - a potion of haste
 g - 4 potions of magic
 h - 3 potions of heal wounds
Books
 b - a book of Conjurations

   Spells                             Type                      Level
   a - Magic Dart                     Conjuration                  1
   b - Searing Ray                    Conjuration                  2
   c - Dazzling Spray                 Conjuration/Hexes            3
   d - Fulminant Prism                Conjuration/Hexes            4
   e - Iskenderun's Mystic Blast      Conjuration                  4
   f - Iskenderun's Battlesphere      Conjuration/Charms           5
 m - a book of Battle

   Spells                             Type                      Level
   a - Infusion                       Charms                       1
   b - Shroud of Golubria             Charms/Translocation         2
   c - Song of Slaying                Charms                       2
   d - Spectral Weapon                Hexes/Charms                 3
   e - Regeneration                   Charms/Necromancy            3
Comestibles
 l - a beef jerky
 n - a meat ration


   Skills:
 + Level 1.2 Fighting
 + Level 8.0 Dodging
 + Level 6.4 Stealth
 + Level 5.5 Unarmed Combat
 + Level 8.7 Spellcasting
 + Level 14.8 Conjurations


You had 6 spell levels left.
You knew the following spells:

 Your Spells              Type           Power        Failure   Level  Hunger
a - Magic Dart            Conj           ####         0%          1    None
b - Fulminant Prism       Conj/Hex       ####......   2%          4    ##.....
c - Searing Ray           Conj           ######       0%          2    None
d - Iskenderun's Mystic   Conj           ######..     1%          4    ##.....
e - Iskenderun's Battles  Conj/Chrm      ####....     8%          5    ####...
f - Shroud of Golubria    Chrm/Tloc      #.........   10%         2    None


Dungeon Overview and Level Annotations

Branches:
Dungeon (1/1)

Altars:
Cheibriados
Dithmenos
Elyvilon
Fedhas
Gozag
Hepliaklqana
Kikubaaqudgha
Makhleb
Nemelex Xobeh
Okawaru
Qazlal
Ru
Sif Muna
Trog
Uskayaw
Vehumet
Xom
Yredelemnul
Zin
The Shining One
Beogh
Jiyva
Lugonu

Shops:
D (}:?}%=[[[=!(:!?

Annotations:
D exclusion: oklob plant


Innate Abilities, Weirdness & Mutations

You are dopey. (Int -2)
Your spells are a little easier to cast, but a little less powerful.


Message History

The flying skull gives a hideous shriek!
The hornet stings you!
You are poisoned.
You feel yourself slow down. The polar bear closely misses you.
The polar bear misses you. The polar bear claws you. The hornet stings you!
* * * LOW HITPOINT WARNING * * *
You feel as though you will be slow longer.
Casting: Searing Ray
Confirm with . or Enter, or press ? or * to list all spells.
Aiming: Searing Ray
Press: ? - help, Shift-Dir - straight line, f - polar bear, p - polar bear
Aim: a polar bear The searing ray hits the polar bear.
The polar bear is lightly wounded. (Press . to maintain the ray.)
You feel sick. The hornet closely misses you. The polar bear barely misses you.
The polar bear closely misses you. The polar bear claws you.
* * * LOW HITPOINT WARNING * * *
The polar bear bites you.
You die...

.<.'##.'..####..##.#▓)!!
#.##...#§...###...##▓▓▓▓
#'###.##......≈≈≈≈≈≈≈≈≈≈
...####§≈§§.§.≈#'#######
.#..#≈≈≈≈≈≈≈§§§#.._.....
...##≈≈≈≈§≈≈≈.≈#c_._....
#+##≈≈≈§≈≈≈§≈≈≈#_._._...
≈≈≈≈≈≈≈≈≈≈≈§≈§≈#hy._._..
+#+++#≈§≈§≈§§≈h#@h_._._.
§§≈≈ ##≈≈§###§§#._._._._
§§§§≈§##≈≈ #§§#.._._._.
§8≈≈§≈≈+ #≈≈#..._._._
≈≈§§§≈## ≈≈≈§#########
≈≈≈≈≈## #######≈≈≈≈≈≈§§
#+#### §zzz###≈#######
§z§z§##≈# §..§.§+≈#


You could see 3 polar bears, a yaktaur, a hornet and 5 flying skulls.

Vanquished Creatures
  A siren (D)
  4 neqoxecs (D)
  4 necrophages (D)
  A crocodile (D)
  A hell rat (D)
  3 worms (D)
14 creatures vanquished.

Vanquished Creatures (others)
  Menkaure (D)
  A crocodile (D)
2 creatures vanquished.

Grand Total: 16 creatures vanquished

Notes
Turn   | Place    | Note
-------+----------+-------------------------------------------
     0 | D        | Kagutsuchi the Deep Elf Conjurer began the quest for the Orb.
     0 | D        | Reached XP level 1. HP: 10/10 MP: 6/6
     1 | D        | Noticed a necrophage
     1 | D        | Noticed a necrophage
     1 | D        | Noticed a necrophage
     1 | D        | Noticed a necrophage
    14 | D        | Killed a necrophage
    14 | D        | Reached skill level 1 in Unarmed Combat
    14 | D        | Reached skill level 8 in Conjurations
    14 | D        | Reached XP level 2. HP: 13/15 MP: 7/9
    14 | D        | Reached XP level 3. HP: 17/19 MP: 7/10
    14 | D        | Reached XP level 4. HP: 22/24 MP: 8/12
    19 | D        | Killed a necrophage
    19 | D        | Reached skill level 5 in Spellcasting
    19 | D        | Reached skill level 10 in Conjurations
    19 | D        | Reached XP level 5. HP: 26/28 MP: 8/14
    26 | D        | Killed a necrophage
    26 | D        | Reached skill level 5 in Dodging
    26 | D        | Reached skill level 11 in Conjurations
    39 | D        | Killed a necrophage
    39 | D        | Reached skill level 12 in Conjurations
    39 | D        | Reached XP level 6. HP: 18/32 MP: 3/16
   177 | D        | Learned a level 4 spell: Fulminant Prism
   180 | D        | Learned a level 2 spell: Searing Ray
   185 | D        | Learned a level 4 spell: Iskenderun's Mystic Blast
   191 | D        | Learned a level 5 spell: Iskenderun's Battlesphere
   197 | D        | Noticed a neqoxec
   203 | D        | Noticed a siren
   218 | D        | Killed a siren
   218 | D        | Reached skill level 5 in Stealth
   218 | D        | Reached skill level 13 in Conjurations
   218 | D        | Reached XP level 7. HP: 37/37 MP: 8/18
   239 | D        | Killed Menkaure
   584 | D        | Found Diryp's Distillery.
   584 | D        | Found Zougutz's Book Shop.
   584 | D        | Found Jiukab's Antique Armour Boutique.
   584 | D        | Found Cupt's Magic Scroll Shop.
   584 | D        | Found Sodoxeg's Jewellery Boutique.
   584 | D        | Found Quireakh's Antique Weapon Boutique.
   585 | D        | Found Luiklenk's Antique Armour Boutique.
   585 | D        | Found Gasa's Armour Shop.
   585 | D        | Found Zafir Ipn's Distillery.
   586 | D        | Found Tabigh's Jewellery Shop.
   586 | D        | Found Rurubu's Food Boutique.
   586 | D        | Noticed a hippogriff
   587 | D        | Noticed a hippogriff
   588 | D        | Found Jygacs's Gadget Boutique.
   588 | D        | Found Daaqooc's Magic Scroll Shop.
   588 | D        | Noticed an oklob plant
   589 | D        | Noticed a hippogriff
   589 | D        | Found Nusihoarph's Gadget Shop.
   589 | D        | Found Huesar Fymeu's Book Shoppe.
   589 | D        | Found Kuzy's Antique Weapon Boutique.
   594 | D        | Bought a potion of curing for 42 gold pieces
   594 | D        | Bought 2 potions of heal wounds for 140 gold pieces
   594 | D        | Bought 2 potions of magic for 224 gold pieces
   594 | D        | Bought a potion of heal wounds for 70 gold pieces
   610 | D        | Bought a +2 ring of intelligence for 97 gold pieces
   610 | D        | Bought a +2 ring of evasion for 130 gold pieces
   612 | D        | Noticed a yak
   613 | D        | Noticed a yak
   616 | D        | Bought a beef jerky for 15 gold pieces
   621 | D        | Noticed a yak
   903 | D        | Reached skill level 14 in Conjurations
   912 | D        | Learned a level 2 spell: Shroud of Golubria
  1066 | D        | Noticed an obsidian statue
  1082 | D        | Noticed a neqoxec
  1087 | D        | Gained mutation: Your spells are a little easier to cast, but a little less powerful. [a neqoxec]
  1095 | D        | Killed a neqoxec
  1095 | D        | Reached skill level 5 in Unarmed Combat
  1098 | D        | Killed a neqoxec
  1098 | D        | Reached skill level 1 in Fighting
  1098 | D        | Reached XP level 8. HP: 18/43 MP: 9/21
  1213 | D        | Gained mutation: You are dopey. (Int -2) [a neqoxec]
  1568 | D        | Bought a meat ration for 50 gold pieces
  1601 | D        | Found a stormy altar of Qazlal.
  1601 | D        | Found a shimmering altar of Xom.
  1603 | D        | Found a hazy altar of Hepliaklqana.
  1603 | D        | Found a sacrificial altar of Ru.
  1603 | D        | Found a basalt altar of Yredelemnul.
  1604 | D        | Found a roughly hewn altar of Beogh.
  1604 | D        | Found a viscous altar of Jiyva.
  1604 | D        | Found a deep blue altar of Sif Muna.
  1604 | D        | Found a glowing silver altar of Zin.
  1605 | D        | Found a snail-covered altar of Cheibriados.
  1605 | D        | Found an ancient bone altar of Kikubaaqudgha.
  1605 | D        | Found a bloodstained altar of Trog.
  1606 | D        | Found a shadowy altar of Dithmenos.
  1606 | D        | Found a corrupted altar of Lugonu.
  1606 | D        | Found a hide-covered altar of Uskayaw.
  1607 | D        | Found a white marble altar of Elyvilon.
  1607 | D        | Found a burning altar of Makhleb.
  1609 | D        | Found a blossoming altar of Fedhas.
  1610 | D        | Found an opulent altar of Gozag.
  1610 | D        | Noticed a polar bear
  1612 | D        | Noticed a polar bear
  1612 | D        | Found a sparkling altar of Nemelex Xobeh.
  1613 | D        | Noticed a yaktaur
  1613 | D        | Noticed a hornet
  1613 | D        | Found a glowing golden altar of the Shining One.
  1613 | D        | Found a radiant altar of Vehumet.
  1613 | D        | Found an iron altar of Okawaru.
  1614 | D        | Noticed a polar bear
  1618 | D        | Noticed a flying skull
  1618 | D        | Noticed a flying skull
  1619 | D        | Noticed a flying skull
  1626 | D        | Noticed a flying skull
  1627 | D        | Noticed a flying skull
  1627 | D        | Slain by a polar bear

Skill      XL: |  1  2  3  4  5  6  7  8 |
---------------+-------------------------+-----
Dodging        | 3 4 5 6 7 8 |  8.0
Stealth        | 3 4 5 6 |  6.4
Unarmed Combat | 1 2 3 4 5 |  5.5
Spellcasting   | 4 5 6 7 8 |  8.7
Conjurations   | 8 10 12 13 14 | 14.8
Fighting       | 1 |  1.2

Action                   |  1- 3 |  4- 6 |  7- 9 || total
-------------------------+-------+-------+-------++-------
Melee: Unarmed           |    11 |    15 |     1 ||    27
 Cast: Magic Dart        |       |     8 |    18 ||    26
       Searing Ray       |       |     2 |    22 ||    24
  Use: Potion            |     1 |     1 |     1 ||     3
  Eat: Bread ration      |       |       |     1 ||     1
Armor: Robe              |       |     1 |     1 ||     2
Dodge: Dodged            |     6 |    18 |    33 ||    57
